 Dungeon Crawl Stone Soup version 0.21.0-25-ge575cb9 (webtiles) character file.

661 pstr the Digger (level 7, -5/56 HPs)
             Began as a Naga Earth Elementalist on Jan 23, 2018.
             Was a Follower of Fedhas.
             Slain by an orc warrior
             ... wielding a +0 long sword
              (18 damage)
             ... on level 4 of the Dungeon.
             The game lasted 00:12:29 (4719 turns).

pstr the Digger (Naga Earth Elementalist)           Turns: 4719, Time: 00:12:29

Health: -5/56      AC: 11    Str: 10      XL:     7   Next: 56%
Magic:  7/14       EV:  7    Int: 20 (23) God:    Fedhas [*.....]
Gold:   143        SH:  0    Dex:  9 (11) Spells: 11/15 levels left

rFire    + . .     SeeInvis +   j - +0 dagger (protect)
rCold    + + .     Gourm    .   (no shield)
rNeg     . . .     Faith    .   q - +0 leather armour {rC+}
rPois    +         Spirit   .   (no helmet)
rElec    +         Reflect  .   (no cloak)
rCorr    +         Harm     .   (no gloves)
MR       .....                  g - +0 naga barding
Stlth    ++........             (no amulet)
HPRegen  0.18/turn              i - ring of see invisible
MPRegen  0.14/turn              n - +4 ring of protection

@: brilliant, resistant, very slow
A: large, see invisible, deformed body, poison resistance, slowness 2, slow
metabolism 1, spit poison 1, AC +2
a: Spit Poison, Fungal Bloom, Evolution, Renounce Religion


You were on level 4 of the Dungeon.
You worshipped Fedhas.
Fedhas was aware of your devotion.
You were hungry.

You visited 1 branch of the dungeon, and saw 5 of its levels.

You collected 143 gold pieces.

Inventory:

Hand Weapons
 j - a +0 dagger of protection (weapon)
Missiles
 b - 52 stones (quivered)
 f - 72 arrows
Armour
 a - a +0 helmet
 c - a +0 robe
 g - a +0 naga barding (worn)
 p - a +0 leather armour
 q - a +0 leather armour of cold resistance (worn)
Jewellery
 i - a ring of see invisible (left hand)
 n - a +4 ring of protection (right hand)
Scrolls
 k - 3 scrolls of amnesia
 l - a scroll of remove curse
Potions
 o - a potion of lignification
Books
 e - a book of Geomancy

   Spells                             Type                      Level
   a - Sandblast                      Earth                        1
   b - Passwall                       Transmutation/Earth          2
   c - Stone Arrow                    Conjuration/Earth            3
   d - Petrify                        Transmutation/Earth          4
   e - Lee's Rapid Deconstruction     Earth                        5
Comestibles
 d - 6 rations


   Skills:
 + Level 0.5 Fighting
 + Level 0.6 Short Blades
 + Level 2.0 Dodging
 + Level 3.9 Stealth
 + Level 4.6 Spellcasting
 + Level 1.9 Conjurations
   Level 1.0 Transmutations
 + Level 6.1 Earth Magic


You had 11 spell levels left.
You knew the following spells:

 Your Spells              Type           Power        Failure   Level  Hunger
a - Sandblast             Erth           #####.       1%          1    None
b - Stone Arrow           Conj/Erth      ####..       1%          3    ##.....


Dungeon Overview and Level Annotations

Branches:
Dungeon (5/15)
 Temple: D:4-7

Altars:
Fedhas
Okawaru
Qazlal
Sif Muna
Uskayaw
Wu Jian


Innate Abilities, Weirdness & Mutations

You cannot wear boots.
Your serpentine skin is tough. (AC +2)
You have supernaturally acute eyesight. (SInv)
Armour fits poorly on your strangely shaped body.
Your system is resistant to poisons. (rPois)
You cover ground very slowly.
You have a slow metabolism.
You can spit poison.


Message History

You feel blessed for a moment.
It was a scroll of remove curse.
The orc warrior hits you with a long sword.
* * * LOW HITPOINT WARNING * * *
The orc hits you but does no damage.
As you read the scroll labeled DOWOPN GASOIQUNK, it crumbles to dust.
The creatures around you are filled with an inner flame!
It was a scroll of immolation.
The orc warrior hits you with a long sword!
* * * LOW HITPOINT WARNING * * *
The orc hits you but does no damage.
You feel better. The orc hits you but does no damage.
The orc warrior hits you but does no damage.
It was a potion of resistance.
You feel protected. The orc hits you but does no damage.
It was a potion of brilliance.
You feel clever all of a sudden.
The orc warrior hits you with a long sword!!
You die...
Fedhas appreciates your contribution to the ecosystem.

≈.# #.# #.# ...
........ ≈. #.#
#.#
..#.##......
##.######.# ..#
#......
..........# ..#
[......
######.###
###).####......
#.#
####.........
#.#
#.......###.#
#.# #o##.##.#
#.####@##.# .#
#....o....# #
######.#### #.#
#.# #.# #.# #.#
.#


You could see an orc warrior (inner flame) and an orc (inner flame).

Vanquished Creatures
  Sigmund (D:4)
  A phantom (D:4)
  An ogre (D:4)
  A hound (D:4)
  3 orc wizards
  7 gnolls
  6 adders
  An ooze (D:3)
  2 worms
  A leopard gecko (D:1)
  13 orcs
  A ball python (D:3)
  10 bats
  4 giant cockroaches (D:3)
  10 goblins
  6 hobgoblins
  3 jackals
  2 quokkas (D:3)
  2 frilled lizards
  7 kobolds
  9 rats
91 creatures vanquished.

Vanquished Creatures (others)
  26 toadstools
26 creatures vanquished.

Grand Total: 117 creatures vanquished

Notes
Turn   | Place    | Note
-------+----------+-------------------------------------------
     0 | D:1      | pstr the Naga Earth Elementalist began the quest for the Orb.
     0 | D:1      | Reached XP level 1. HP: 15/15 MP: 3/3
   289 | D:1      | Reached XP level 2. HP: 22/22 MP: 1/5
   577 | D:1      | Reached XP level 3. HP: 28/28 MP: 0/6
   582 | D:1      | Learned a level 3 spell: Stone Arrow
  1487 | D:2      | Found a stormy altar of Qazlal.
  1491 | D:2      | Found a blossoming altar of Fedhas.
  1505 | D:2      | Became a worshipper of Fedhas Madash
  1562 | D:2      | Reached skill level 4 in Earth Magic
  1562 | D:2      | Reached XP level 4. HP: 35/36 MP: 4/8
  2336 | D:2      | Found a deep blue altar of Sif Muna.
  2684 | D:3      | Reached XP level 5. HP: 35/42 MP: 2/9
  2911 | D:3      | Reached skill level 1 in Conjurations
  3031 | D:3      | Found an ornate altar of the Wu Jian Council.
  3452 | D:3      | Reached XP level 6. HP: 25/50 MP: 0/11
  4000 | D:3      | Reached skill level 5 in Earth Magic
  4056 | D:3      | Reached * piety under Fedhas
  4075 | D:3      | Found an iron altar of Okawaru.
  4468 | D:4      | Found a hide-covered altar of Uskayaw.
  4476 | D:4      | Noticed a phantom
  4480 | D:4      | Noticed Sigmund
  4488 | D:4      | Killed a phantom
  4535 | D:4      | Killed Sigmund
  4535 | D:4      | Reached skill level 6 in Earth Magic
  4535 | D:4      | Reached XP level 7. HP: 56/56 MP: 1/13
  4711 | D:5      | Entered Level 5 of the Dungeon
  4719 | D:4      | Slain by an orc warrior

Skill      XL: |  1  2  3  4  5  6 |
---------------+-------------------+-----
Earth Magic    | 4 6 |  6.1
Spellcasting   | 3 4 |  4.6
Conjurations   | 1 |  1.9
Dodging        | 2 |  2.0
Fighting       | |  0.5
Short Blades   | |  0.6
Stealth        | |  3.9
Transmutations | |  1.0

Action                   |  1- 3 |  4- 6 |  7- 9 || total
-------------------------+-------+-------+-------++-------
Melee: Dagger            |       |    50 |       ||    50
 Cast: Sandblast         |    28 |    46 |     7 ||    81
       Stone Arrow       |     8 |    43 |     1 ||    52
Invok: Fungal Bloom      |       |    11 |     1 ||    12
 Abil: Spit Poison       |     6 |    21 |       ||    27
  Use: Potion            |       |     5 |     3 ||     8
       Scroll            |       |       |     3 ||     3
  Eat: Chunk             |     3 |    13 |       ||    16
Armor: Robe              |     5 |    12 |       ||    17
       Skin              |       |    43 |       ||    43
       Leather armour    |       |       |     5 ||     5
Dodge: Dodged            |     4 |    48 |     3 ||    55
